| TOP OF THE 1ST |
|
Colorado Avalanche batting - Pitching for Oakland Oaks : RHP Jasper Schrijver
|
|
Pitching: RHP Jasper Schrijver
|
|
|
Batting: RHB Rade Mamula
|
0-0: Ground out 5-3 (Groundball, 56, EV 103.8 MPH)
|
|
Batting: RHB Eric Delgado
|
0-0: Called Strike 0-1: Ball 1-1: Ball 2-1: Foul Ball, location: 2F 2-2: Ball 3-2: Ground out 4-3 (Groundball, 4, EV 82.5 MPH)
|
|
Batting: RHB Chris Tatum
|
0-0: Ball 1-0: Ball 2-0: Called Strike 2-1: Ball 3-1: Base on Balls
|
|
Batting: RHB Keith Giarratano
|
0-0: Foul Ball, location: 2F 0-1: Ball 1-1: Called Strike 1-2: Ball 2-2: Foul Ball, location: 2F 2-2: Ball 3-2: Fly out, F8 (Flyball, 8LD, EV 102.5 MPH)
|
| Top of the 1st over - 0 runs, 0 hits, 0 errors, 1 left on base; Colorado 0 - Oakland 0 |
| BOTTOM OF THE 1ST |
|
Oakland Oaks batting - Pitching for Colorado Avalanche : LHP Juan Vargas
|
|
Pitching: LHP Juan Vargas
|
|
|
Batting: LHB Justin LeFlore
|
0-0: Called Strike 0-1: Ball 1-1: Foul Ball, location: 2F 1-2: Ball 2-2: Ground out 4-3 (Groundball, 4, EV 81.9 MPH)
|
|
Batting: SHB Steve McGee
|
0-0: Called Strike 0-1: Ground out 5-3 (Groundball, 56S, EV 78.1 MPH)
|
|
Batting: SHB Chris King
|
0-0: Ball 1-0: Foul Ball, location: 2F 1-1: Ball 2-1: Swinging Strike 2-2: Strikes out swinging
|
| Bottom of the 1st over - 0 runs, 0 hits, 0 errors, 0 left on base; Colorado 0 - Oakland 0 |
| TOP OF THE 2ND |
|
Colorado Avalanche batting - Pitching for Oakland Oaks : RHP Jasper Schrijver
|
|
Batting: LHB Javy Rueda
|
0-0: Foul Ball, location: 2F 0-1: Ball 1-1: Foul Ball, location: 2F 1-2: Foul Ball, location: 2F 1-2: Foul Ball, location: 2F 1-2: Strikes out swinging
|
|
Batting: LHB Brian Canny
|
0-0: Ball 1-0: Foul Ball, location: 2F 1-1: Foul Ball, location: 2F 1-2: Foul Ball, location: 2F 1-2: Fly out, F7 (Flyball, 7LMF, EV 100.0 MPH)
|
|
Batting: RHB Alex Valadez
|
0-0: Foul Ball, location: 2F 0-1: Fly out, F9 (Line Drive, 89M, EV 103.8 MPH)
|
| Top of the 2nd over - 0 runs, 0 hits, 0 errors, 0 left on base; Colorado 0 - Oakland 0 |
| BOTTOM OF THE 2ND |
|
Oakland Oaks batting - Pitching for Colorado Avalanche : LHP Juan Vargas
|
|
Batting: LHB Diego Vega
|
0-0: Swinging Strike 0-1: Foul Ball, location: 2F 0-2: Strikes out swinging
|
|
Batting: RHB Moises Guzman
|
0-0: Swinging Strike 0-1: Foul Ball, location: 2F 0-2: Strikes out swinging
|
|
Batting: LHB Bryan Hodensack
|
0-0: SINGLE (Flyball, 56D, EV 86.9 MPH)
|
|
Batting: RHB Ricky Ulloa
|
0-0: Foul Ball, location: 2F 0-1: Ball 1-1: Ball Bryan Hodensack steals 2nd, throwing error, E2 Bryan Hodensack to third 2-1: Swinging Strike 2-2: Strikes out swinging
|
| Bottom of the 2nd over - 0 runs, 1 hit, 1 error, 1 left on base; Colorado 0 - Oakland 0 |
| TOP OF THE 3RD |
|
Colorado Avalanche batting - Pitching for Oakland Oaks : RHP Jasper Schrijver
|
|
Batting: RHB Mike Chiquete
|
0-0: SINGLE (Groundball, 34, EV 101.9 MPH) (infield hit)
|
|
Batting: RHB Jack Stadner
|
0-0: Ball 1-0: Foul Ball, location: 2F 1-1: Foul Ball, location: 2F 1-2: Ball 2-2: Strikes out swinging
|
|
Batting: RHB Rade Mamula
|
0-0: Ball 1-0: Ball Mike Chiquete steals 2nd base 2-0: Ball 3-0: Called Strike 3-1: Reached on error, E6 (Groundball, 56, EV 83.1 MPH) Mike Chiquete to third
|
|
Batting: RHB Eric Delgado
|
0-0: Called Strike 0-1: Ball 1-1: Swinging Strike 1-2: Ball 2-2: Foul Ball, location: 2F 2-2: Grounds into double play, 5-4-3 (Groundball, 56, EV 106.9 MPH)
|
| Top of the 3rd over - 0 runs, 1 hit, 1 error, 1 left on base; Colorado 0 - Oakland 0 |
| BOTTOM OF THE 3RD |
|
Oakland Oaks batting - Pitching for Colorado Avalanche : LHP Juan Vargas
|
|
Batting: RHB Matt Nehman
|
0-0: Ball 1-0: Ball 2-0: Called Strike 2-1: Foul Ball, location: 2F 2-2: Foul Ball, location: 2F 2-2: Ball 3-2: Strikes out swinging
|
|
Batting: RHB Kasey Sands
|
0-0: Ball 1-0: Called Strike 1-1: Called Strike 1-2: Strikes out swinging
|
|
Batting: LHB Justin LeFlore
|
0-0: Ball 1-0: Swinging Strike 1-1: Called Strike 1-2: Ball 2-2: Fly out, F9 (Flyball, 9, EV 87.5 MPH)
|
| Bottom of the 3rd over - 0 runs, 0 hits, 0 errors, 0 left on base; Colorado 0 - Oakland 0 |
| TOP OF THE 4TH |
|
Colorado Avalanche batting - Pitching for Oakland Oaks : RHP Jasper Schrijver
|
|
Batting: RHB Chris Tatum
|
0-0: Foul Ball, location: 2F 0-1: Ball 1-1: Called Strike 1-2: Ball 2-2: Strikes out swinging, 2-3 out at first.
|
|
Batting: RHB Keith Giarratano
|
0-0: Swinging Strike 0-1: Foul Ball, location: 2F 0-2: Strikes out swinging
|
|
Batting: LHB Javy Rueda
|
0-0: Foul Ball, location: 2F 0-1: Fly out, F7 (Flyball, 7D, EV 101.2 MPH)
|
| Top of the 4th over - 0 runs, 0 hits, 0 errors, 0 left on base; Colorado 0 - Oakland 0 |
| BOTTOM OF THE 4TH |
|
Oakland Oaks batting - Pitching for Colorado Avalanche : LHP Juan Vargas
|
|
Batting: SHB Steve McGee
|
0-0: Called Strike 0-1: SINGLE (Groundball, 4MD, EV 82.5 MPH) (infield hit)
|
|
Batting: SHB Chris King
|
0-0: Ball 1-0: Called Strike 1-1: Ball 2-1: Foul Ball, location: 2F 2-2: Ball 3-2: Foul Ball, location: 2F 3-2: Foul Ball, location: 2F 3-2: Base on Balls Steve McGee to second
|
|
Batting: LHB Diego Vega
|
0-0: Foul Ball, location: 2F 0-1: SINGLE (Groundball, 4D, EV 99.4 MPH) Steve McGee to third Chris King to second
|
|
Batting: RHB Moises Guzman
|
0-0: Ball 1-0: Ball 2-0: Ball 3-0: Called Strike 3-1: Swinging Strike 3-2: Base on Balls Steve McGee scores Chris King to third Diego Vega to second
|
|
Batting: LHB Bryan Hodensack
|
0-0: Grounds into fielders choice 3-2 (Groundball, 3L, EV 92.5 MPH) Diego Vega to third Moises Guzman to second
|
|
Batting: RHB Ricky Ulloa
|
0-0: Ball 1-0: Ball 2-0: Called Strike 2-1: SINGLE (Groundball, 4MD, EV 100.6 MPH) Diego Vega scores Moises Guzman to third Bryan Hodensack to second
|
|
Pitching: RHP Joan Coucieiro
|
|
|
Batting: RHB Matt Nehman
|
0-0: Called Strike 0-1: Called Strike 0-2: SINGLE (Flyball, 8LS, EV 84.4 MPH) Moises Guzman scores Bryan Hodensack to third Ricky Ulloa to second
|
|
Batting: RHB Kasey Sands
|
0-0: Called Strike 0-1: SINGLE (Groundball, 4, EV 111.9 MPH) (infield hit) Bryan Hodensack scores Ricky Ulloa to third Matt Nehman to second
|
|
Batting: LHB Justin LeFlore
|
0-0: SINGLE (Line Drive, 6MD, EV 104.4 MPH) Ricky Ulloa scores Matt Nehman to third Kasey Sands to second
|
|
Batting: SHB Steve McGee
|
0-0: Fielders Choice at 2nd, 4-6 (Groundball, 4M, EV 80.6 MPH) Matt Nehman scores Kasey Sands to third
|
|
Batting: SHB Chris King
|
0-0: Ball 1-0: Ball Steve McGee steals 2nd, throwing error, E2 Kasey Sands scores Steve McGee to third 2-0: Ground out 4-3 (Groundball, 4, EV 98.8 MPH)
|
| Bottom of the 4th over - 7 runs, 6 hits, 1 error, 1 left on base; Colorado 0 - Oakland 7 |
| TOP OF THE 5TH |
|
Colorado Avalanche batting - Pitching for Oakland Oaks : RHP Jasper Schrijver
|
|
Batting: LHB Brian Canny
|
0-0: Ball 1-0: Called Strike 1-1: Ball 2-1: Swinging Strike 2-2: Foul Ball, location: 2F 2-2: Foul Ball, location: 2F 2-2: Strikes out looking
|
|
Batting: RHB Alex Valadez
|
0-0: Ball 1-0: Foul Ball, location: 2F 1-1: Swinging Strike 1-2: Foul Ball, location: 2F 1-2: Strikes out swinging
|
|
Batting: RHB Mike Chiquete
|
0-0: Fly out, F9 (Flyball, 9, EV 92.5 MPH)
|
| Top of the 5th over - 0 runs, 0 hits, 0 errors, 0 left on base; Colorado 0 - Oakland 7 |
| BOTTOM OF THE 5TH |
|
Oakland Oaks batting - Pitching for Colorado Avalanche : RHP Joan Coucieiro
|
|
Batting: LHB Diego Vega
|
0-0: Called Strike 0-1: Called Strike 0-2: Foul Ball, location: 2F 0-2: Foul Ball, location: 2F 0-2: Ball 1-2: Ball 2-2: Ball 3-2: Fly out, F8 (Flyball, 78M, EV 96.2 MPH)
|
|
Batting: RHB Moises Guzman
|
0-0: Ball 1-0: Called Strike 1-1: Ball 2-1: SOLO HOME RUN (Flyball, 7LD, EV 95.0 MPH), Distance : 350 ft
|
|
Batting: LHB Bryan Hodensack
|
0-0: Ball 1-0: Foul Ball, location: 2F 1-1: Fly out, F9 (Line Drive, 89M, EV 105.0 MPH)
|
|
Batting: RHB Ricky Ulloa
|
0-0: Reached on error, E6 (Groundball, 6, EV 106.9 MPH)
|
|
Batting: RHB Matt Nehman
|
0-0: Ball 1-0: Swinging Strike 1-1: Swinging Strike 1-2: DOUBLE (Flyball, 9LD, EV 110.0 MPH) Ricky Ulloa scores
|
|
Batting: RHB Kasey Sands
|
0-0: Called Strike 0-1: Foul Ball, location: 2F 0-2: Foul Ball, location: 2F 0-2: TRIPLE (Line Drive, 9LD, EV 103.8 MPH) Matt Nehman scores
|
|
Pitching: RHP Bryce Hickman
|
|
|
Batting: LHB Justin LeFlore
|
0-0: Ball 1-0: Ball 2-0: Ground out 4-3 (Groundball, 4, EV 106.2 MPH)
|
| Bottom of the 5th over - 3 runs, 3 hits, 1 error, 1 left on base; Colorado 0 - Oakland 10 |
| TOP OF THE 6TH |
|
Colorado Avalanche batting - Pitching for Oakland Oaks : RHP Jasper Schrijver
|
|
Batting: RHB Jack Stadner
|
0-0: Called Strike 0-1: Ball 1-1: Ball 2-1: Swinging Strike 2-2: Strikes out swinging
|
|
Batting: RHB Rade Mamula
|
0-0: Ball 1-0: Ball 2-0: Ball 3-0: Base on Balls
|
|
Batting: RHB Eric Delgado
|
0-0: Called Strike 0-1: Ball Rade Mamula steals 2nd base 1-1: Called Strike 1-2: Ball 2-2: Ball 3-2: Foul Ball, location: 2F 3-2: Ground out 4-3 (Groundball, 4, EV 83.8 MPH) Rade Mamula to third
|
|
Batting: RHB Chris Tatum
|
0-0: Foul Ball, location: 2F 0-1: Ball 1-1: Ball 2-1: Foul Ball, location: 2F 2-2: Ball 3-2: Foul Ball, location: 2F 3-2: Ground out 3-1 (Groundball, 34S, EV 80.6 MPH)
|
| Top of the 6th over - 0 runs, 0 hits, 0 errors, 1 left on base; Colorado 0 - Oakland 10 |
| BOTTOM OF THE 6TH |
|
Oakland Oaks batting - Pitching for Colorado Avalanche : RHP Bryce Hickman
|
|
Batting: SHB Steve McGee
|
0-0: Ball 1-0: Called Strike 1-1: Ball 2-1: Fly out, F7 (Line Drive, 7S, EV 93.1 MPH)
|
|
Batting: SHB Chris King
|
0-0: DOUBLE (Groundball, 5L, EV 103.8 MPH)
|
|
Batting: LHB Diego Vega
|
0-0: Foul Ball, location: 2F 0-1: Ball 1-1: SINGLE (Groundball, 4, EV 100.6 MPH) Chris King to third Runner from 3rd tries for Home, SAFE, throw by CF to home
|
|
Batting: RHB Moises Guzman
|
0-0: Grounds into double play, 5-4-3 (Groundball, 5S, EV 82.5 MPH)
|
| Bottom of the 6th over - 1 run, 2 hits, 0 errors, 0 left on base; Colorado 0 - Oakland 11 |
| TOP OF THE 7TH |
|
Colorado Avalanche batting - Pitching for Oakland Oaks : RHP Jasper Schrijver
|
|
Batting: RHB Keith Giarratano
|
0-0: Ball 1-0: Reached on error, E5 (Groundball, 56, EV 101.2 MPH)
|
|
Batting: LHB Javy Rueda
|
0-0: Foul Ball, location: 2F 0-1: Ball 1-1: Ball 2-1: Ball 3-1: Foul Ball, location: 2F 3-2: Fielders Choice at 2nd, 3-6 (Groundball, 34S, EV 84.4 MPH)
|
|
Batting: LHB Brian Canny
|
0-0: Ball 1-0: Ball 2-0: Called Strike 2-1: Ball 3-1: Called Strike 3-2: Base on Balls Javy Rueda to second
|
|
Batting: RHB Alex Valadez
|
0-0: 3-RUN HOME RUN (Flyball, 7LD, EV 88.8 MPH), Distance : 335 ft
|
|
Pitching: RHP Santiago Gonzalez
|
|
|
Batting: RHB Mike Chiquete
|
0-0: Ball 1-0: Fly out, F9 (Flyball, 89D, EV 92.5 MPH)
|
|
Batting: RHB Jack Stadner
|
0-0: Called Strike 0-1: Foul Ball, location: 2F 0-2: Ball 1-2: Ball 2-2: Foul Ball, location: 2F 2-2: Strikes out swinging
|
| Top of the 7th over - 3 runs, 1 hit, 1 error, 0 left on base; Colorado 3 - Oakland 11 |
| BOTTOM OF THE 7TH |
|
Oakland Oaks batting - Pitching for Colorado Avalanche : RHP Bryce Hickman
|
|
Batting: LHB Bryan Hodensack
|
0-0: Ball 1-0: Fly out, F7 (Flyball, 78S, EV 87.5 MPH)
|
|
Batting: RHB Ricky Ulloa
|
0-0: Ball 1-0: Fly out, F7 (Flyball, 7LM, EV 80.6 MPH)
|
|
Batting: RHB Bill Cabrera
|
0-0: Ball 1-0: SOLO HOME RUN (Flyball, 7D, EV 96.9 MPH), Distance : 370 ft
|
|
Batting: RHB Kasey Sands
|
0-0: Ball 1-0: Ball 2-0: Hit by Pitch
|
|
Batting: LHB Justin LeFlore
|
0-0: Fly out, F8 (Line Drive, 8LD, EV 88.8 MPH)
|
| Bottom of the 7th over - 1 run, 1 hit, 0 errors, 1 left on base; Colorado 3 - Oakland 12 |
| TOP OF THE 8TH |
|
Colorado Avalanche batting - Pitching for Oakland Oaks : RHP Santiago Gonzalez
|
|
Batting: RHB Rade Mamula
|
0-0: Foul Ball, location: 2F 0-1: Ball 1-1: Swinging Strike 1-2: Ball 2-2: Strikes out swinging
|
|
Batting: RHB Eric Delgado
|
0-0: Foul Ball, location: 2F 0-1: Foul Ball, location: 2F 0-2: Ball 1-2: Ball 2-2: Ball 3-2: Foul Ball, location: 2F 3-2: Fly out, F8 (Flyball, 8RD, EV 101.9 MPH)
|
|
Batting: RHB Chris Tatum
|
0-0: Ball 1-0: Ball 2-0: Called Strike 2-1: Foul Ball, location: 2F 2-2: Foul Ball, location: 2F 2-2: Strikes out looking
|
| Top of the 8th over - 0 runs, 0 hits, 0 errors, 0 left on base; Colorado 3 - Oakland 12 |
| BOTTOM OF THE 8TH |
|
Oakland Oaks batting - Pitching for Colorado Avalanche : RHP Bryce Hickman
|
|
Pinch Hitting: RHB Edwin Nunez
|
0-0: Ball 1-0: Ball 2-0: Called Strike 2-1: Swinging Strike 2-2: Foul Ball, location: 2F 2-2: Ball 3-2: Foul Ball, location: 2F 3-2: Foul Ball, location: 2F 3-2: Foul Ball, location: 2F 3-2: Base on Balls
|
|
Batting: SHB Chris King
|
0-0: Ball 1-0: Foul Ball, location: 2F 1-1: SINGLE (Groundball, 4MD, EV 108.1 MPH) Edwin Nunez to second Runner from 2nd tries for 3rd, SAFE, throw by CF made to third
|
|
Pinch Hitting: RHB Toyohiko Nakajima
|
0-0: Ball 1-0: Called Strike 1-1: Fly out, F2 (Popup, 23F, EV 88.1 MPH)
|
|
Batting: RHB Moises Guzman
|
0-0: Foul Ball, location: 2F 0-1: DOUBLE (Flyball, 89D, EV 91.9 MPH) Edwin Nunez scores Chris King to third
|
|
Pitching: RHP Luis Mendoza
|
|
|
Batting: LHB Bryan Hodensack
|
0-0: Ball 1-0: Ball 2-0: Called Strike 2-1: Fly out, F3 (Popup, 3D, EV 54.4 MPH)
|
|
Batting: RHB Ricky Ulloa
|
0-0: Called Strike 0-1: Fly out, F7 (Flyball, 7LM, EV 98.1 MPH)
|
| Bottom of the 8th over - 1 run, 2 hits, 0 errors, 2 left on base; Colorado 3 - Oakland 13 |
| TOP OF THE 9TH |
|
Colorado Avalanche batting - Pitching for Oakland Oaks : RHP Santiago Gonzalez
|
|
Now at 1B: Toyohiko Nakajima
|
|
|
Now at SS: Edwin Nunez
|
|
|
Batting: RHB Keith Giarratano
|
0-0: Ball 1-0: SINGLE (Line Drive, 3D, EV 96.2 MPH)
|
|
Batting: LHB Javy Rueda
|
0-0: Called Strike 0-1: Foul Ball, location: 2F 0-2: Foul Ball, location: 2F 0-2: Foul Ball, location: 2F 0-2: Foul Ball, location: 2F 0-2: Ball 1-2: Strikes out swinging
|
|
Batting: LHB Brian Canny
|
0-0: Ball 1-0: Called Strike 1-1: Ball 2-1: Ball 3-1: Fly out, F4 (Line Drive, 4, EV 60.0 MPH)
|
|
Batting: RHB Alex Valadez
|
0-0: Called Strike 0-1: Called Strike 0-2: Foul Ball, location: 2F 0-2: Ball 1-2: Strikes out swinging
|
| Top of the 9th over - 0 runs, 1 hit, 0 errors, 1 left on base; Colorado 3 - Oakland 13 |
|